cohdb
Replays
Latest Replays
All Replays
Popular Replays
Top Player Replays
Match Explorer
How It Works
Community
CoH3 Stats
Reddit
Sign in to upload your games and track your stats! →
Sign in with Steam
Match 46210379
Unlisted
Match 46210379
Overview
Messages
Build Orders
End
Construct Barracks
Selects Advanced Infantry Battlegroup
Riflemen Squad
Riflemen Squad
Riflemen Squad
Grenade Package
Selects Artillery Observers
Infantry Support Center
Selects Convert to Ranger Squad
Artillery Observer Squad
Construct Medical Station
1⁄4-ton 4x4 Truck
Demolitions Package
Construct Weapon Support Center
Bazooka Squad
M1918 Browning Automatic Rifles
NH | adr1guerre
NH | Drewdj
Alloyzy Klex®
SEPH
0
0
Comments
sign in to comment!
No comments posted yet!